 Dungeon Crawl Stone Soup version 0.27-a0-1136-g0b992a5a9d (webtiles) character file.

Game seed: 3899414755468932515

4414 1player the Fighter (level 10, 91/91 HPs)
             Began as a Purple Draconian Artificer on May 5, 2021.
             Was a Believer of Okawaru.
             Quit the game on level 10 of the Dungeon.
             The game lasted 00:41:08 (15673 turns).

1player the Fighter (Purple Draconian Artificer)   Turns: 15673, Time: 00:41:08

Health: 91/91      AC: 14    Str: 17    XL:     10   Next: 14%
Magic:  10/10      EV: 26    Int: 12    God:    Okawaru [**....]
Gold:   628        SH: 11    Dex: 12    Spells: 9/9 levels left

rFire    . . .     SeeInvis .   a - +2 dagger (venom)
rCold    + . .     Faith    .   r - +0 kite shield
rNeg     + . .     Spirit   .   (armour unavailable)
rPois    .         Reflect  .   (helmet restricted)
rElec    .         Harm     .   (no cloak)
rCorr    .         Rampage  +   s - +1 pair of gloves
Will     +....                  o - +0 pair of boots
Stlth    +.........             V - amulet "Weckal" {Acrobat Contam Rampage rC+ Regen+}
HPRegen  1.25/turn              f - ring of positive energy
MPRegen  0.12/turn              T - +4 ring of protection

@: acrobatic
A: breathe power, AC +7, unfitting armour, cold-blooded
a: Breathe Dispelling Energy, Renounce Religion, Heroism


You were on level 10 of the Dungeon.
You worshipped Okawaru.
Okawaru was pleased with you.
You visited 2 branches of the dungeon, and saw 11 of its levels.
You also visited: Ossuary.

You collected 628 gold pieces.

Inventory:

Hand Weapons
 a - a +2 dagger of venom (weapon)
 b - a +0 hunting sling
 L - the +6 arbalest "Damnation" {damnation}
   (You found it on level 7 of the Dungeon)
 S - a +0 quarterstaff
Missiles
 h - 193 stones (quivered)
 A - 9 sling bullets
 Z - a curare-tipped dart
Armour
 o - a +0 pair of boots (worn)
 r - a +0 kite shield (worn)
 s - a +1 pair of gloves (worn)
Jewellery
 f - a ring of positive energy (left hand)
 G - an amulet of reflection
 T - a +4 ring of protection (right hand)
 V - the amulet "Weckal" (around neck) {Acrobat Contam Rampage rC+ Regen+}
   (You acquired it on level 9 of the Dungeon)

   [amulet of the acrobat]

   It increases your evasion while moving and waiting.
   It protects you from cold.
   It causes magical contamination when unequipped.
   It increases your rate of health regeneration.
   It bestows one free step when moving towards enemies.
Wands
 c - a wand of charming (4)
 j - a wand of flame (34)
 R - a wand of iceblast (2)
 Y - a wand of paralysis (5)
Scrolls
 g - 2 scrolls of immolation
 C - 2 scrolls of amnesia
 D - a scroll of fear
 H - 2 scrolls of fog
 X - 3 scrolls of teleportation
Potions
 e - 3 potions of cancellation
 k - 3 potions of lignification
 l - a potion of flight
 n - 4 potions of brilliance
 p - a potion of mutation {unknown}
 t - a potion of curing {unknown}
 x - a potion of ambrosia
 B - 2 potions of attraction
 K - 2 potions of haste
 O - a potion of might
 P - a potion of heal wounds {unknown}
 W - a potion of magic {unknown}
Miscellaneous
 d - a piece from Xom's chessboard (14/15)


   Skills:
 - Level 9.0 Fighting
 + Level 2.5 Staves
 - Level 4.0 Slings
 - Level 6.5 Crossbows
 - Level 2.1 Dodging
 - Level 0.8 Stealth
 - Level 8.4 Shields
 - Level 3.2 Evocations


You had 9 spell levels left.
You didn't know any spells.
Your spell library contained the following spells:

 Spells                   Type           Power      Damage    Failure   Level
 Animate Skeleton         Necr           0%         N/A       61%         1
 Apportation              Tloc           0%         N/A       61%         1
 Corona                   Hex            0%         N/A       61%         1
 Freeze                   Ice            0%         1d3       61%         1
 Magic Dart               Conj           0%         1d3       61%         1
 Pain                     Necr           0%         1d4       61%         1
 Summon Small Mammal      Summ           0%         N/A       61%         1
 Searing Ray              Conj           0%         3d3       75%         2
 Dazzling Flash           Conj/Hex       0%         N/A       93%         3
 Frozen Ramparts          Ice            0%         1d2       93%         3
 Ozocubu's Armour         Ice            0%         N/A       93%         3
 Vampiric Draining        Necr           0%         2d6       93%         3
 Animate Dead             Necr           0%         N/A       100%        4
 Cause Fear               Hex            0%         N/A       100%        4
 Fulminant Prism          Conj/Hex       0%         3d6       100%        4
 Hailstorm                Conj/Ice       0%         3d3       100%        4
 Iskenderun's Mystic Bla  Conj/Tloc      0%         2d3       100%        4
 Agony                    Necr           0%         N/A       100%        5
 Metabolic Englaciation   Hex/Ice        0%         N/A       100%        5
 Silence                  Hex/Air        0%         N/A       100%        5
 Yara's Violent Unravell  Hex/Tmut       0%         3d3       100%        5
 Discord                  Hex            0%         N/A       100%        8


Dungeon Overview and Level Annotations

Branches:
Dungeon (10/15)            Temple (1/1) D:4         Ossuary (visited)
   Lair: D:8-11         Orc: D:9-12

Altars:
Ashenzari
Cheibriados
Dithmenos
Elyvilon
Fedhas
Gozag
Hepliaklqana
Kikubaaqudgha
Makhleb
Nemelex Xobeh
Okawaru
Qazlal
Ru
Sif Muna
Trog
Uskayaw
Wu Jian
Xom
Yredelemnul
Zin
The Shining One

Annotations:
D:4 exclusion: downstairs
D:5 Blork the orc


Innate Abilities, Weirdness & Mutations

You can breathe bolts of dispelling energy.
Your rich purple scales are hard. (AC +7)
You cannot fit into any form of body armour.
You are cold-blooded and may be slowed by cold attacks.


Message History

The mass of ice explodes!
The iceblast engulfs something!
The iceblast engulfs you! You partially resist.
Something draws life force from you.
Aiming: Iceblast
Press: ? - help, Shift-Dir - straight line The mass of ice explodes!
The iceblast engulfs something but does no damage.
The iceblast engulfs you. You partially resist. Something hits you.
Something bites you but does no damage.
Aiming: Iceblast
Press: ? - help, Shift-Dir - straight line The mass of ice explodes!
The iceblast engulfs something.
The iceblast engulfs you! You partially resist.
You hear a bellow!
Something hits you but does no damage. Something bites you but does no damage.
Unknown command.
Aiming: Iceblast
Press: ? - help, Shift-Dir - straight line The mass of ice explodes!
The iceblast engulfs something.
The iceblast engulfs you! You partially resist.
You hear a bellow!
Something draws life force from you!
Unknown command.
Okay, then.
Okay, then.
Aiming: Iceblast
Press: ? - help, Shift-Dir - straight line The mass of ice explodes!
The iceblast engulfs something!
Okawaru accepts your kill.
Reactivating autopickup.
You feel a bit more experienced. The iceblast engulfs you!
You partially resist.
* * * LOW HITPOINT WARNING * * *
Your Staves skill increases to level 2!
There is a sacrificial altar of Ru here.
You start resting.
HP restored.
Are you sure you want to abandon this character and quit the game? (Confirm with "yes".)

,...................>######.#
*.........{.####.#.#.#...##.#
,.........######.#######.##.###
*♣........#...........#...#...#
,.........#.####.####.##....#.#
,....####'#.#.......#.#.....#.#
,...,,,,#(#.#.##.##.#(###...#.#
*,#****,#.#.#.#...#.#.#.....#.###
*,* *,#..)....@...........#....
*,*****,#.#.#.#...#.#.##....#####
*,,,,,,,#.#.#.##.##.#.#..........
**,,,,**#.#.#.......#.####..#####
,,........#.####.####.#..........
,,..D.###.#...........###########
**((,,* #.######.######,,,,,,,,,,
*,,*** #.##.....#*,**,**********
*,,* *#.########*,*,,,,* *


There were no monsters in sight!

Vanquished Creatures
  A hornet (D:9)
  2 trolls
  A vampire (D:10)
  4 steam dragons
  A water moccasin (D:6)
  2 acid dragons
  An orc warrior (D:8)
  An ice beast (D:6)
  2 sky beasts
  4 ogres
  2 centaurs
  3 phantoms
  2 kobold brigands
  8 water moccasin zombies
  3 scorpions
  2 wyvern zombies
  4 killer bees (D:8)
  7 wights
  A hound (D:7)
  A centaur zombie (D:7)
  A jelly (D:7)
  3 orc priests
  A gnoll shaman (D:4)
  An orc wizard (D:9)
  A hound zombie (D:5)
  A mummy (Ossuary)
  8 gnolls
  8 adders
  A white imp (D:7)
  An ufetubus (D:4)
  6 adder zombies (Ossuary)
  2 adder skeletons (D:4)
  A worm (D:1)
  A dart slug (D:4)
  18 orcs
  5 endoplasms
  4 giant cockroaches
  2 goblins
  5 hobgoblins
  4 jackals (D:3)
  22 kobolds
  A quokka (D:1)
  3 ball pythons
  8 bats
  5 frilled lizards
  2 gnoll zombies (Ossuary)
  3 hobgoblin zombies (Ossuary)
  4 kobold zombies (Ossuary)
  3 orc zombies (Ossuary)
  2 rats
179 creatures vanquished.

Vanquished Creatures (collateral kills)
  An orc priest (D:9)
  A gnoll (D:5)
  An adder zombie (Ossuary)
  A gnoll zombie (Ossuary)
  A kobold zombie (Ossuary)
  4 orc zombies (Ossuary)
9 creatures vanquished.

Vanquished Creatures (others)
  2 water moccasin zombies (Ossuary)
  A mummy (Ossuary)
  3 fungi (D:3)
  2 plants (D:3)
8 creatures vanquished.

Grand Total: 196 creatures vanquished

Notes
Turn   | Place    | Note
-------+----------+-------------------------------------------
     0 | D:1      | 1player the Draconian Artificer began the quest for the
                  | Orb.
     0 | D:1      | Reached XP level 1. HP: 16/16 MP: 1/1
   340 | D:1      | Reached skill level 2 in Fighting
   676 | D:1      | Reached XP level 2. HP: 25/25 MP: 2/2
  1257 | D:1      | Reached skill level 3 in Fighting
  1962 | D:2      | Reached XP level 3. HP: 31/31 MP: 3/3
  2582 | D:3      | Reached skill level 4 in Fighting
  2815 | D:3      | Reached XP level 4. HP: 39/40 MP: 4/4
  3264 | D:3      | Found a faded altar of an unknown god.
  3518 | D:3      | Reached skill level 5 in Fighting
  3518 | D:3      | Reached XP level 5. HP: 24/48 MP: 5/5
  3893 | D:4      | Found a sand-covered staircase.
  3898 | Ossuary  | Entered an ossuary
  3945 | Ossuary  | Reached skill level 1 in Slings
  4083 | Ossuary  | Reached XP level 6. HP: 40/56 MP: 6/6
  5208 | D:4      | Found a staircase to the Ecumenical Temple.
  5220 | Temple   | Entered the Ecumenical Temple
  5518 | D:4      | Reached skill level 6 in Fighting
  6043 | D:5      | Entered Level 5 of the Dungeon
  6185 | D:5      | Noticed a sky beast
  6305 | D:5      | Noticed a sky beast
  6461 | D:4      | Reached skill level 1 in Shields
  6461 | D:4      | Your scales start taking on a rich purple colour.
  6461 | D:4      | Reached XP level 7. HP: 51/63 MP: 7/7
  8121 | D:5      | Noticed Blork the orc
  8865 | D:5      | Reached skill level 5 in Shields
  9145 | D:5      | Reached XP level 8. HP: 18/70 MP: 8/8
  9739 | D:6      | Found Typic's Assorted Antiques.
 10931 | D:7      | Noticed a troll
 11446 | D:6      | Killed a troll
 11447 | D:6      | Reached skill level 7 in Fighting
 11484 | D:7      | Reached XP level 9. HP: 79/79 MP: 9/9
 11698 | D:7      | Found the +6 arbalest "Damnation" {damnation}
 11711 | D:7      | Reached skill level 8 in Fighting
 11903 | Temple   | Became a worshipper of Warmaster Okawaru
 12093 | D:7      | Found an opulent altar of Gozag.
 12139 | D:7      | Found a hazy altar of Hepliaklqana.
 12248 | D:7      | Reached skill level 1 in Crossbows
 12335 | D:7      | Found a basalt altar of Yredelemnul.
 12335 | D:7      | Found a shimmering blue altar of Sif Muna.
 12337 | D:7      | Found a broken altar of Ashenzari.
 12337 | D:7      | Found a hazy altar of Hepliaklqana.
 12337 | D:7      | Found a shimmering altar of Xom.
 12885 | D:8      | Reached skill level 9 in Fighting
 13216 | D:8      | Reached * piety under Okawaru
 13586 | D:8      | Noticed a two-headed ogre
 13993 | D:9      | Reached skill level 5 in Crossbows
 14064 | D:9      | Identified a scroll of acquirement
 14064 | D:9      | Acquired the amulet "Weckal" {Acrobat Contam Rampage rC+
                  | Regen+}
 14799 | D:9      | Reached XP level 10. HP: 46/91 MP: 10/10
 15203 | D:10     | Entered Level 10 of the Dungeon
 15322 | D:10     | Found a sacrificial altar of Ru.
 15331 | D:10     | Reached skill level 1 in Staves
 15615 | D:10     | Reached ** piety under Okawaru
 15673 | D:10     | Quit the game

Illustrated notes

Levels and vault maps discovered:
D:1:      heliophobic_arrival_dark_side_of_the_moon, layout_basic,
          chequers_jeans, minmay_cut_off
D:2:      layout_loops_ring
D:3:      layout_basic, shapermc_ecumenical_altar_mp_urbaneastern,
          nrook_mini_backslash
D:4:      layout_layer_cave, minmay_temple_entry_glassed_door, enter_ossuary_2
D:5:      layout_basic, uniq_blork_the_orc
D:6:      layout_cave_pools, serial_shops, kennysheep_little_box
D:7:      layout_rooms, kennysheep_mini_moat, doesnt_xom_only_xom
D:8:      layout_rooms
D:9:      layout_loops_ring, kennysheep_generic_room_13
D:10:     layout_basic, nicolae_overflow_hidden_temple,
          nicolae_ru_sacrificial_ziggurat
Temple:   nicolae_temple_no_exploring_needed

Skill      XL: |  1  2  3  4  5  6  7  8  9 10 |
---------------+-------------------------------+-----
Fighting       | 2 3 4 5 6 7 9 |  9.0
Slings         | 3 4 |  4.0
Shields        | 1 5 8 |  8.4
Crossbows      | 6 |  6.5
Staves         | 2 |  2.5
Dodging        | |  2.1
Stealth        | |  0.8
Evocations     | |  3.2

Action                   |  1- 3 |  4- 6 |  7- 9 | 10-12 || total
-------------------------+-------+-------+-------+-------++-------
Melee: Club              |    22 |       |       |       ||    22
       Tailslap          |     5 |    40 |    63 |     5 ||   113
       Dagger            |    59 |   256 |   424 |    30 ||   769
       Whip              |    12 |       |       |       ||    12
       Flail             |       |       |     9 |       ||     9
       Hand axe          |       |       |    40 |       ||    40
 Fire: Hunting sling     |    76 |    44 |   166 |    15 ||   301
Throw: Stone             |       |       |     3 |       ||     3
Invok: Heroism           |       |       |     2 |       ||     2
 Abil: Breathe Dispellin |       |       |     4 |       ||     4
Evoke: Wand              |     1 |    11 |    24 |    11 ||    47
       Piece from Xom's  |       |       |     2 |       ||     2
  Use: Scroll            |     3 |    11 |     6 |     1 ||    21
       Potion            |       |     2 |     7 |       ||     9
 Stab: Sleeping          |     2 |       |       |       ||     2
       Paralysed         |       |       |       |     4 ||     4
Armor: Skin              |    26 |    84 |   181 |    20 ||   311
Dodge: Dodged            |    88 |   146 |   198 |    23 ||   455
Block: Kite shield       |       |     9 |   313 |    37 ||   359
       Reflection        |       |       |     6 |       ||     6

Table legend: (Time is in decaauts)
 A = Elapsed time spent in this place.
 B = Non-inter-level travel time spent in this place.
 C = Inter-level travel time spent in this place.
 D = Time resting spent in this place.
 E = Time spent auto-exploring this place.
 F = Levels seen in this place.
 G = Mean time per level.
                   A        B        C        D        E       F      G
               +--------+--------+--------+--------+--------+-----+--------+
         Total |  15745 |  14462 |   1283 |   5367 |   5029 |  12 | 1312.1 |
       Dungeon |  14909 |  13638 |   1271 |   4927 |   5029 |  10 | 1490.9 |
        Temple |     61 |     49 |     12 |      0 |      0 |   1 |   61.0 |
       Ossuary |    774 |    774 |      0 |    440 |      0 |   1 |  774.0 |
               +--------+--------+--------+--------+--------+-----+--------+

Top non-repeatable levels by time:
     D:5: 2760 daAuts
     D:4: 2182 daAuts
     D:3: 1956 daAuts
     D:1: 1626 daAuts
     D:6: 1486 daAuts
     D:7: 1299 daAuts
     D:9: 1294 daAuts
     D:8: 1126 daAuts
     D:2: 780 daAuts
 Ossuary: 774 daAuts
    D:10: 395 daAuts
  Temple: 61 daAuts
